 Dungeon Crawl Stone Soup version 0.30-a0-965-g42e074c17a (webtiles) character file.

Game seed: 10839513018238442598

3913 IdlyInterested the Carver (level 10, -5/76 HPs)
             Began as a Demonspawn Gladiator on Mar 30, 2023.
             Killed from afar by a raiju (19 damage)
             ... with a living lightning
             ... on level 1 of the Abyss.
             The game lasted 00:22:28 (7581 turns).

IdlyInterested the Carver (Demonspawn Gladiator)    Turns: 7581, Time: 00:22:28

Health: -5/76      AC: 19    Str: 14    XL:     10   Next: 1%
Magic:  14/14      EV: 13    Int: 10    God:
Gold:   552        SH:  5    Dex: 19    Spells: 9/9 levels left

rFire   . . .      SeeInvis +    D - +0 scimitar
rCold   . . .      Faith    .    (no shield)
rNeg    . . .      Spirit   .    K - +2 chain mail {rPois}
rPois   +          Reflect  +    t - +1 helmet {SInv}
rElec   .          Rampage  .    o - +0 cloak
rCorr   .                        (no gloves)
Will    .....                    g - +1 pair of boots Stlth
                                 s - amulet of reflection
HPRegen 0.00/turn                k - ring of flight
MPRegen 0.28/turn                n - +5 ring of evasion

@: sick, flying
A: molten scales 2, ignite blood 3, magic regeneration, weakness stinger 1
a: no special abilities


You were on level 1 of the Abyss.
You visited 2 branches of the dungeon, and saw 11 of its levels.
You visited the Abyss 1 time.

You collected 552 gold pieces.

Inventory:

Hand Weapons
 a - a +1 long sword of freezing
 f - a +0 falchion
 i - a +0 falchion
 D - a +0 scimitar (weapon)
 G - a +0 falchion
 M - a +2 short sword of flaming
Missiles
 d - 3 throwing nets
 e - a javelin
 j - 13 poisoned darts (quivered)
 m - 68 stones
 I - 2 silver boomerangs
Armour
 g - a +1 pair of boots (worn)
 o - a +0 cloak (worn)
 t - a +1 helmet of see invisible (worn)
 z - +0 steam dragon scales
 K - a +2 chain mail of poison resistance (worn)
Jewellery
 k - a ring of flight (left hand)
 n - a +5 ring of evasion (right hand)
 s - an amulet of reflection (around neck)
 F - a ring of resist corrosion
Wands
 h - a wand of flame (22)
 p - a wand of polymorph (9)
 v - a wand of iceblast (17)
Scrolls
 l - 3 scrolls of fog
 w - 5 scrolls of magic mapping
 x - 2 scrolls of enchant weapon
 B - a scroll of vulnerability
 C - a scroll of blinking
 J - a scroll of noise {unknown}
 L - a scroll of teleportation
Potions
 b - a potion of invisibility
 c - 2 potions of resistance
 q - 2 potions of magic
 r - 7 potions of curing
 u - a potion of attraction
 A - a potion of brilliance {unknown}
 E - a potion of lignification {unknown}
 H - a potion of ambrosia {unknown}


   Skills:
 - Level 6.0 Fighting
 + Level 9.0 Long Blades
 - Level 2.0 Throwing
 - Level 3.0 Armour
 - Level 4.0 Dodging
 - Level 2.0 Stealth
 * Level 5.1 Shields
 - Level 6.0 Invocations
 - Level 2.0 Evocations


You had 9 spell levels left.
You didn't know any spells.
Your spell library contained the following spells:

 Spells                   Type           Power      Damage    Failure   Level
 Blink                    Tloc           0%         N/A       100%        2
 Cigotuvi's Dreadful Rot  Necr/Pois/Air  0%         N/A       100%        2
 Ensorcelled Hibernation  Hex/Ice        0%         N/A       100%        2
 Lesser Beckoning         Tloc           0%         N/A       100%        2
 Momentum Strike          Conj/Tloc      0%         3d8       100%        2
 Sublimation of Blood     Necr           0%         N/A       100%        2
 Wereblood                Tmut           0%         N/A       100%        2
 Spider Form              Tmut/Pois      0%         N/A       100%        3
 Anguish                  Hex/Necr       0%         N/A       100%        4
 Summon Ice Beast         Ice/Summ       0%         N/A       100%        4
 Summon Forest            Summ/Tloc      0%         N/A       100%        5
 Summon Mana Viper        Hex/Summ       0%         N/A       100%        5
 Eringya's Noxious Bog    Tmut/Pois      0%         N/A       100%        6
 Monstrous Menagerie      Summ           0%         N/A       100%        7
 Summon Hydra             Summ           0%         N/A       100%        7


Dungeon Overview and Level Annotations

Branches:
Dungeon (10/15)            Temple (1/1) D:7
   Lair: D:8-11         Orc: D:9-12

Altars:
Dithmenos
Fedhas
Gozag
Kikubaaqudgha
Makhleb
Nemelex Xobeh
Okawaru
Ru
Sif Muna
Trog
Uskayaw
Vehumet
Wu Jian
Xom
Yredelemnul

Annotations:
D:9 Erolcha


Innate Abilities, Weirdness & Mutations

You are mostly covered in molten scales. (AC +3)
Your demonic aura causes all spilled blood to erupt in flames.
You regenerate magic rapidly.
You have a small tail.


Message History

You slash the raiju!
The raiju is heavily wounded.
The raiju bites you but does no damage.
You miss the raiju.
The raiju is heavily wounded.
The raiju barely misses you.
You hit the raiju.
Your tail-slap misses the raiju.
The raiju is severely wounded.
The raiju bites you! The raiju shocks you!
* * * LOW HITPOINT WARNING * * *
You miss the raiju. You tail-slap the raiju.
The raiju is severely wounded.
The raiju misses you.
You closely miss the raiju.
Your tail-slap misses the raiju.
The raiju is severely wounded.
The raiju bursts into living lightning!
The living lightning misses you.
The raiju blinks!
The raiju bites you but does no damage.
You closely miss the raiju.
The raiju is severely wounded.
The raiju bites you but does no damage.
You closely miss the raiju.
Your tail-slap misses the raiju.
The raiju is severely wounded.
The raiju bites you but does no damage.
You hit the raiju. You tail-slap the raiju.
The raiju is almost dead.
The raiju bursts into living lightning!
The living lightning misses you.
The raiju blinks!
The raiju closely misses you.
An ice devil comes into view.
You slash the raiju!
You kill the raiju!
Your Long Blades skill increases to level 9!
Your Shields skill increases to level 5!
You have reached level 10!
A raiju comes into view.
The raiju barks!
You hear a bark!
The raiju bursts into living lightning!
The living lightning hits you!!
You die...

#### ## # #...#
....# ##...# . .
##.... .. ..
##.#....## . .
.. # #..4. .. ..
#..#...# ..
...##.#...####
..
..##.......@.#
......#.#...##.#
...... .# ##..#
h# #. #.# . #.##
.# .. .#. ###.#
.# . .. ......##
.# #.###.### ..
#. .# .#


You could see a raiju.

Vanquished Creatures
  Pikel (D:7)
  Maggie (D:6)
  An ancient zyme (Abyss:1)
  A raiju (Abyss:1)
  Sigmund (D:4)
  A vampire (D:10)
  Eustachio (D:4)
  Menkaure (D:6)
  3 water moccasins
  3 orc warriors
  A black bear (D:7)
  A centaur (D:7)
  An ogre (D:6)
  A phantom (D:4)
  4 scorpions
  3 killer bees (D:10)
  A lava snake (D:7)
  5 hounds
  3 jellies (D:6)
  An orc priest (D:3)
  A sleepcap (D:7)
  Crazy Yiuf (D:3)
  A gnoll bouda (D:5)
  3 iguanas
  Natasha (thrice) (D:3)
  An orc wizard (D:8)
  Robin (D:3)
  8 adders
  16 gnolls
  2 shadow imps
  2 white imps (D:5)
  5 worms
  A dart slug (D:3)
  12 orcs
  7 bats
  4 endoplasms
  9 giant cockroaches
  12 goblins
  4 hobgoblins
  4 jackals (D:3)
  5 quokkas
  7 ball pythons
  6 frilled lizards
  2 goblin skeletons (D:6)
  2 hobgoblin zombies (D:6)
  3 kobolds
  2 kobold skeletons (D:6)
  An orc skeleton (D:6)
  An orc zombie (D:6)
  5 rats
166 creatures vanquished.

Notes
Turn   | Place    | Note
-------+----------+-------------------------------------------
     0 | D:1      | IdlyInterested the Demonspawn Gladiator began the quest for
                  | the Orb.
     0 | D:1      | Reached XP level 1. HP: 16/16 MP: 1/1
   105 | D:1      | Found a faded altar of an unknown god.
   179 | D:1      | Reached skill level 3 in Long Blades
   179 | D:1      | Reached skill level 1 in Evocations
   269 | D:1      | Gained mutation: Your demonic aura sometimes causes spilled
                  | blood to erupt in flames. [demonic ancestry]
   269 | D:1      | Reached XP level 2. HP: 22/22 MP: 2/2
   936 | D:2      | Reached skill level 1 in Stealth
  1207 | D:2      | Gained mutation: You are partially covered in molten
                  | scales. (AC +2) [demonic ancestry]
  1207 | D:2      | Reached XP level 3. HP: 24/27 MP: 3/3
  1252 | D:2      | Reached skill level 1 in Armour
  1863 | D:3      | Noticed Natasha
  1875 | D:3      | Killed Natasha
  1876 | D:3      | Gained mutation: You are mostly covered in molten scales.
                  | (AC +3) [demonic ancestry]
  1876 | D:3      | Reached XP level 4. HP: 10/33 MP: 4/4
  2081 | D:3      | Found a burning altar of Makhleb.
  2101 | D:3      | Noticed Robin
  2117 | D:3      | Noticed Natasha
  2129 | D:3      | Gained mutation: Your demonic aura often causes spilled
                  | blood to erupt in flames. [demonic ancestry]
  2129 | D:3      | Reached XP level 5. HP: 22/38 MP: 5/5
  2138 | D:3      | Killed Robin
  2140 | D:3      | Killed Natasha
  2141 | D:3      | Reached skill level 4 in Long Blades
  2604 | D:3      | Noticed Natasha
  2608 | D:3      | Killed Natasha
  2733 | D:3      | Found an opulent altar of Gozag.
  2791 | D:3      | Found a runed translucent door.
  2792 | D:3      | Noticed Crazy Yiuf
  2826 | D:3      | Found a shadowy altar of Dithmenos.
  2861 | D:3      | Killed Crazy Yiuf
  3086 | D:4      | Gained mutation: You have a small tail. [demonic ancestry]
  3086 | D:4      | Reached XP level 6. HP: 47/47 MP: 6/6
  3245 | D:4      | Noticed Eustachio
  3254 | D:4      | Killed Eustachio
  3255 | D:4      | Reached skill level 5 in Long Blades
  3255 | D:4      | Reached skill level 1 in Shields
  3255 | D:4      | Reached XP level 7. HP: 51/54 MP: 7/7
  3322 | D:4      | Noticed Sigmund
  3332 | D:4      | Killed Sigmund
  3829 | D:5      | Entered Level 5 of the Dungeon
  4143 | D:5      | Gained mutation: Your demonic aura causes all spilled blood
                  | to erupt in flames. [demonic ancestry]
  4143 | D:5      | Reached XP level 8. HP: 24/60 MP: 8/8
  4397 | D:5      | Reached skill level 6 in Long Blades
  4810 | D:6      | Noticed Maggie
  4819 | D:6      | Killed Maggie
  4820 | D:6      | Reached skill level 7 in Long Blades
  5193 | D:6      | Found a radiant altar of Vehumet.
  5460 | D:6      | Noticed Menkaure
  5465 | D:6      | Killed Menkaure
  5466 | D:6      | Reached skill level 5 in Fighting
  6144 | D:7      | Found a hide-covered altar of Uskayaw.
  6147 | D:7      | Gained mutation: You regenerate magic rapidly. [demonic
                  | ancestry]
  6147 | D:7      | Reached XP level 9. HP: 69/69 MP: 9/9
  6173 | D:7      | Got the Incunable of the Gift and the Excursion
  6267 | D:7      | Found a bloodstained altar of Trog.
  6290 | D:7      | Reached skill level 1 in Invocations
  6327 | D:7      | Reached skill level 8 in Long Blades
  6332 | D:7      | Found a staircase to the Ecumenical Temple.
  6352 | Temple   | Entered the Ecumenical Temple
  6451 | D:7      | Noticed Pikel
  6468 | D:7      | Killed Pikel
  6469 | D:7      | Reached skill level 5 in Invocations
  6616 | D:7      | Found an iron altar of Okawaru.
  6771 | D:7      | Found a basalt altar of Yredelemnul.
  7311 | D:8      | Found an ancient bone altar of Kikubaaqudgha.
  7404 | D:8      | Found the +3 greatsling "Punk" {acid, rCorr}
  7404 | D:8      | Found an ornate altar of the Wu Jian Council.
  7419 | D:8      | You are sucked into a shaft and drop 2 floors!
  7419 | D:10     | Entered Level 10 of the Dungeon
  7457 | D:10     | Identified the +9 mace "Usirux" {freeze, rCorr Int+3}
  7520 | D:9      | Noticed Erolcha
  7522 | Abyss:1  | Cast into level 1 of the Abyss (Erolcha)
  7538 | Abyss:1  | Noticed an ancient zyme
  7546 | Abyss:1  | Killed an ancient zyme
  7577 | Abyss:1  | Noticed an ice devil
  7579 | Abyss:1  | Reached skill level 9 in Long Blades
  7579 | Abyss:1  | Reached skill level 5 in Shields
  7579 | Abyss:1  | Reached XP level 10. HP: 14/76 MP: 14/14
  7581 | Abyss:1  | Killed from afar by a raiju

Illustrated notes

Levels and vault maps discovered:
D:1:      dpeg_arrival_shrine, layout_basic, ebering_ecumenical_altar_ruins,
          minmay_worlds_worst_comb
D:2:      layout_basic, hex_large, minmay_misc_feat_diagonals
D:3:      layout_loops_ring, mainiacjoe_overflow_surrounded_room,
          grunt_gozag_statues, lemuel_coloured_pillars_altar, uniq_robin,
          uniq_natasha, uniq_crazy_yiuf_cottage
D:4:      layout_loops_ring, uniq_sigmund, uniq_eustachio
D:5:      layout_loops_ring, lemuel_flame_loot_1
D:6:      layout_loops_corners, nicolae_tso_besieged_by_evil,
          mainiacjoe_overflow_tiny_flanked, minivault_10,
          hangedman_decor_points, uniq_maggie, uniq_menkaure
D:7:      layout_loops_corners, trog_butcher_becter, lemuel_round_altar,
          general_overflow_altar, nicolae_overflow_two_pavilions,
          minmay_temple_entry_junction, uniq_pikel
D:8:      layout_rooms, nicolae_kikubaaqudgha_miasma_corner,
          nicolae_wu_jian_glorious_leap, kennysheep_little_box,
          lemuel_tele_altar, uniq_erica
D:9:      layout_roguey [special_room_orc], david_orc_3, special_room
          [special_room_bee], uniq_erolcha
D:10:     layout_cave_pools, chei_slow_surprise, mainiacjoe_overflow_24_doors,
          due_lair_maze_entry_diamond, minmay_hollow_rounded_squares,
          uniq_joseph
Temple:   hellmonk_temple_two_chambers
Abyss:1:  base:
D:4

Skill      XL: |  1  2  3  4  5  6  7  8  9 |
---------------+----------------------------+-----
Long Blades    | 3 4 5 7 9 |  9.0
Evocations     | 1 2 |  2.0
Stealth        | 1 2 |  2.0
Armour         | 1 3 |  3.0
Dodging        | 3 4 |  4.0
Fighting       | 3 4 5 6 |  6.0
Shields        | 1 3 5 |  5.1
Throwing       | 2 |  2.0
Invocations    | 6 |  6.0

Action                     |  1- 3 |  4- 6 |  7- 9 | 10-12 || total
---------------------------+-------+-------+-------+-------++-------
  Melee: Long sword        |   111 |   146 |   206 |       ||   463
         Punch             |       |     3 |     6 |       ||     9
         Tailslap          |       |     7 |    47 |       ||    54
         Scimitar          |       |       |   102 |       ||   102
  Throw: Dart              |       |       |     4 |       ||     4
    Use: Scroll            |     5 |     2 |    11 |       ||    18
         Potion            |       |       |     1 |       ||     1
   Stab: Sleeping          |     5 |       |       |       ||     5
 Armour: Leather armour    |    45 |    16 |       |       ||    61
         Scale mail        |       |    89 |    87 |       ||   176
         Chain mail        |       |       |    34 |       ||    34
  Dodge: Dodged            |    60 |   118 |   241 |       ||   419
  Block: Other             |       |       |    15 |       ||    15
         Reflection        |       |       |     1 |       ||     1

Table legend: (Time is in decaauts)
 A = Elapsed time spent in this place.
 B = Non-inter-level travel time spent in this place.
 C = Inter-level travel time spent in this place.
 D = Time resting spent in this place.
 E = Time spent auto-exploring this place.
 F = Levels seen in this place.
 G = Mean time per level.
                   A        B        C        D        E       F      G
               +--------+--------+--------+--------+--------+-----+--------+
         Total |   7663 |   6665 |    998 |    518 |   4252 |  12 |  638.6 |
       Dungeon |   7582 |   6584 |    998 |    518 |   4226 |  10 |  758.2 |
        Temple |     23 |     23 |      0 |      0 |      0 |   1 |   23.0 |
         Abyss |     57 |     57 |      0 |      0 |     26 |   1 |   57.0 |
               +--------+--------+--------+--------+--------+-----+--------+

Top non-repeatable levels by time:
     D:3: 1253 daAuts
     D:1: 1196 daAuts
     D:7: 1189 daAuts
     D:6: 1169 daAuts
     D:5: 1067 daAuts
     D:4: 840 daAuts
     D:2: 666 daAuts
     D:8: 97 daAuts
 Abyss:1: 57 daAuts
     D:9: 52 daAuts
    D:10: 49 daAuts
  Temple: 23 daAuts
